 Dungeon Crawl Stone Soup version 0.31-a0-816-gd61d57ddb1 (webtiles) character file.

Game seed: 12668461776120954967

63 Essalna the Digger (level 3, -2/24 HPs)
             Began as a Demonspawn Earth Elementalist on Sept 22, 2023.
             Killed by nerve-wracking pain
             ... invoked by an orc priest
              (7 damage)
             ... on level 3 of the Dungeon.
             The game lasted 00:02:17 (1765 turns).

Essalna the Digger (Demonspawn Earth Elementalist)  Turns: 1765, Time: 00:02:17

Health: -2/24      AC:  2    Str:  8    XL:     3   Next: 87%
Magic:  7/7        EV: 12    Int: 18    God:
Gold:   160        SH:  0    Dex: 13    Spells: 7/8 levels left

rFire   . . .        d - +0 falchion
rCold   . . .        (no shield)
rNeg    . . .        a - +0 robe
rPois   .            (no helmet)
rElec   .            (no cloak)
rCorr   .            (no gloves)
SInv    .            (no boots)
Will    .....        (no amulet)
Stlth   +            (no ring)
HPRegen 0.24/turn    (no ring)
MPRegen 0.20/turn

%: no passive effects
@: confused
A: magic regeneration
a: no special abilities


You were on level 3 of the Dungeon.
You visited 1 branch of the dungeon, and saw 3 of its levels.

You collected 160 gold pieces.

Inventory:

Hand Weapons
 d - a +0 falchion (weapon)
Armour
 a - a +0 robe (worn)
Jewellery
 h - a ring of resist corrosion
Wands
 l - a wand of roots (7)
Scrolls
 f - a scroll of fear {unknown}
 k - a scroll of identify {unknown}
 m - a scroll of noise {unknown}
 o - a scroll of immolation {unknown}
Potions
 b - a potion of magic
 c - 4 potions of enlightenment {unknown}
 e - 2 potions of heal wounds {unknown}
 g - a potion of invisibility {unknown}
 i - 2 potions of curing {unknown}
 j - a potion of haste {unknown}
 n - a potion of might {unknown}


   Skills:
 - Level 1.7 Dodging
 - Level 1.7 Stealth
 + Level 3.1 Spellcasting
 - Level 0.8 Transmutations
 + Level 3.6 Earth Magic


You had 7 spell levels left.
You knew the following spells:

 Your Spells              Type           Power      Damage    Failure   Level
a - Sandblast             Erth           30%        2d9       3%          1

Your spell library contained the following spells:

 Spells                   Type           Power      Damage    Failure   Level
 Passwall                 Tmut/Erth      8%         N/A       10%         2
 Stone Arrow              Conj/Erth      18%        3d8       22%         3
 Petrify                  Tmut/Erth      10%        N/A       54%         4
 Brom's Barrelling Bould  Conj/Erth      9%         2d3       58%         4


Dungeon Overview and Level Annotations

Branches:
Dungeon (3/15)

Altars:

Annotations:
D:3 1 runed translucent door, dittoslash's ghost, amateur DjGl


Innate Abilities, Weirdness & Mutations

You regenerate magic rapidly.


Message History

You hear a shout!
You bump into the rock wall.
The orc attacks as it pursues you! The orc hits you but does no damage.
You bump into the rock wall.
An orc priest comes into view. It is wielding a +0 falchion.
The orc wizard casts a spell.
The orc wizard flickers and vanishes!
Deactivating autopickup; reactivate with Ctrl-A.
You bump into the rock wall.
The orc hits you with a +0 dagger.
You bump into the rock wall.
You feel less confused.
A rat comes into view.
The orc priest miscasts a cantrip.
The orc closely misses you. The orc hits you but does no damage.
You closely miss the orc. The orc barely misses you.
An orc priest comes into view. It is wielding a +0 mace.
The orc hits you with a +0 dagger.
You closely miss the orc.
The orc priest invokes the aid of Beogh against you.
Beogh smites you!
Ouch! That really hurt!
The orc hits you but does no damage. The orc hits you with a +0 dagger.
* * * LOW HITPOINT WARNING * * *
Something hits you but does no damage. The orc hits you with a +0 dagger.
* * * LOW HITPOINT WARNING * * *
The orc attacks as it pursues you! The orc barely misses you.
You hear some strange, mumbled words.
You are confused.
You're too confused to move!
You bump into the rock wall.
You completely miss something. The orc closely misses you.
You hear some strange, mumbled words.
You are more confused.
The orc misses you. Something hits you.
* * * LOW HITPOINT WARNING * * *
You barely miss the orc.
The orc priest invokes the aid of Beogh against you.
Pain shoots through your body!
You die...

..# #r# .... .. #.###### #..#
.# #......# #..#.. #......# ..
##..#.### #.o....# ...
.[......###......# .... ##..#
#....o.....##.... ####...#
###@oS...........
..##......#####..#.......#....
...#.##.#.#.....##.......# ###
#... #.#.#.#### #).....## #...
#.....# #.....># ....###.....#
##..#### .....#...##.##
#.....# .......####..#
##.###.# ...##).# ##.# #..#
#.#


You could see an orc priest, an adder and 2 orcs.

Vanquished Creatures
  2 adders
  2 dart slugs
  2 orcs (D:3)
  6 ball pythons
  An endoplasm (D:2)
  A giant cockroach (D:1)
  2 goblins
  3 hobgoblins
  4 jackals (D:1)
  4 kobolds
  4 quokkas
  3 bats
  2 frilled lizards
  2 rats (D:2)
38 creatures vanquished.

Notes
Turn   | Place    | Note
-------+----------+-------------------------------------------
     0 | D:1      | Essalna the Demonspawn Earth Elementalist began the quest
                  | for the Orb.
     0 | D:1      | Reached XP level 1. HP: 13/13 MP: 3/3
   124 | D:1      | Found a faded altar of an unknown god.
   128 | D:1      | Gained mutation: You regenerate magic rapidly. [demonic
                  | ancestry]
   128 | D:1      | Reached XP level 2. HP: 19/19 MP: 0/5
   467 | D:1      | You fall into a shaft and drop 1 floor!
  1141 | D:2      | Reached XP level 3. HP: 24/24 MP: 5/7
  1474 | D:3      | Found a runed translucent door.
  1475 | D:3      | Noticed dittoslash's ghost (amateur DjGl)
  1765 | D:3      | Killed from afar by an orc priest

Illustrated notes

Levels and vault maps discovered:
D:1:      tarquinn_simple_flora_water_a, layout_basic,
          ebering_ecumenical_altar_ruins
D:2:      layout_basic
D:3:      layout_rooms, ebering_ghost_reflecting_pool

Skill      XL: |  1  2  3 |
---------------+----------+-----
Earth Magic    | 3 |  3.6
Spellcasting   | 3 |  3.1
Dodging        | |  1.7
Stealth        | |  1.7
Transmutations | |  0.8

Action                     || total
---------------------------++-------
  Melee: Falchion          ||     9
   Cast: Sandblast         ||    65
 Armour: Robe              ||    24
  Dodge: Dodged            ||    20

Table legend: (Time is in decaauts)
 A = Elapsed time spent in this place.
 B = Non-inter-level travel time spent in this place.
 C = Inter-level travel time spent in this place.
 D = Time resting spent in this place.
 E = Time spent auto-exploring this place.
 F = Levels seen in this place.
 G = Mean time per level.
                   A        B        C        D        E       F      G
               +--------+--------+--------+--------+--------+-----+--------+
         Total |   1798 |   1798 |      0 |      0 |   1521 |   3 |  599.3 |
       Dungeon |   1798 |   1798 |      0 |      0 |   1521 |   3 |  599.3 |
               +--------+--------+--------+--------+--------+-----+--------+

Top non-repeatable levels by time:
     D:2: 1017 daAuts
     D:1: 474 daAuts
     D:3: 307 daAuts
